 Dungeon Crawl Stone Soup version 0.25.0-46-gbd7b0854d2 (webtiles) character file.

Game seed: 18082519544492228157

295296 KleinerIrrer the Warrior (level 20, -2/192 HPs)
             Began as a Hill Orc Monk on July 11, 2020.
             Was a High Priest of Beogh.
             Killed by divine providence
             ... invoked by a sphinx
              (10 damage)
             ... while paralysed by a sphinx
             ... on level 4 of the Vaults on July 13, 2020.
             The game lasted 03:35:24 (55837 turns).

KleinerIrrer the Warrior (Hill Orc Monk)           Turns: 55837, Time: 03:35:25

Health: -2/192     AC: 19    Str: 22    XL:     20   Next: 88%
Magic:  28/42      EV:  2    Int: 10    God:    Beogh [*****.]
Gold:   3217       SH:  0    Dex: 19    Spells: 19/19 levels left

rFire    + . .     SeeInvis .   n - +8 broad axe (venom)
rCold    + + .     Gourm    .   Y - +0 tower shield
rNeg     . . .     Faith    .   Q - +4 ring mail of Ebureimo {MP+9 Int-2 Dex+2 Slay+6}
rPois    +         Spirit   .   F - +0 helmet
rElec    .         Reflect  +   O - +1 cloak {rPois}
rCorr    .         Harm     .   u - +0 pair of fencer's gloves {Riposte Dex+3}
MR       +....                  q - +0 pair of boots
Stlth    +.........             T - amulet of the Echidna {Reflect rC++ SH+5}
HPRegen  0.42/turn              P - +4 ring of slaying
MPRegen  0.28/turn              K - ring of protection from fire

@: paralysed, slowed
A: walk on water, blink, clever 1, wild magic 1
}: 2/15 runes: decaying, gossamer
a: Blink, Smiting, Recall Orcish Followers, Give Item to Named Follower,
Renounce Religion


You were on level 4 of the Vaults.
You worshipped Beogh.
Beogh was extremely pleased with you.
You were not hungry.

You visited 6 branches of the dungeon, and saw 35 of its levels.
You also visited: Sewer and Desolation.

You collected 3510 gold pieces.
You spent 293 gold pieces at shops.

Inventory:

Hand Weapons
 f - the +0 trident of the Pariah {vorpal, rF+ rC+ Str-5 SInv}
   (You found it in the Desolation of Salt)

   It inflicts extra damage upon your enemies.
   It affects your strength (-5).
   It protects you from fire.
   It protects you from cold.
   It lets you see invisible.
 n - a +8 broad axe of venom (weapon)
 z - the +3 hunting sling "Bessuch" {venom, rPois rC+++ MP-9 Str+3}
   (You found it on level 3 of the Swamp)

   It poisons the ammo it fires.
   It affects your strength (+3).
   It renders you almost immune to cold.
   It protects you from poison.
   It affects your magic capacity (-9).
 N - the +9 spear "Fobb" {freeze, rF++ Int+4 Dex-3}
   (You found it on level 1 of the Lair of Beasts)

   It has been specially enchanted to freeze those struck by it, causing extra
   injury to most foes and up to half again as much damage against particularly
   susceptible opponents.
   It can also slow down cold-blooded creatures.
   It affects your intelligence (+4).
   It affects your dexterity (-3).
   It greatly protects you from fire.
Armour
 d - the cursed +0 chain mail "Beeresiu" {rC+ rN++ Stlth-, unknown}
   (You found it in the Desolation of Salt)

   It protects you from cold.
   It greatly protects you from negative energy.
   It makes you less stealthy.
   It has a curse placed upon it.
 q - a +0 pair of boots (worn)
 u - the +0 pair of fencer's gloves (worn) {Riposte Dex+3}
   (You found it in the Desolation of Salt)

   It affects your dexterity (+3).
 F - a +0 helmet (worn)
 O - a +1 cloak of poison resistance (worn)
 Q - the +4 ring mail of Ebureimo (worn) {MP+9 Int-2 Dex+2 Slay+6}
   (You found it on level 15 of the Dungeon)

   It affects your intelligence (-2).
   It affects your dexterity (+2).
   It affects your accuracy and damage with ranged weapons and melee attacks
   (+6).
   It affects your magic capacity (+9).
 Y - a +0 tower shield (worn)
Jewellery
 j - an uncursed ring of ice
 r - an uncursed ring of resist corrosion
 D - the ring "Feiheori" {Ice Slay+3 Stlth+}
   (You found it in the Desolation of Salt)

   [ring of ice]

   It enhances your ice magic.
   It affects your accuracy and damage with ranged weapons and melee attacks
   (+3).
   It makes you vulnerable to fire.
   It protects you from cold.
   It makes you more stealthy.
 H - an uncursed ring of ice
 I - an uncursed ring of poison resistance
 K - a ring of protection from fire (right hand)
 P - a +4 ring of slaying (left hand)
 S - the ring of Niest {Int+6 Dex+2 SInv}
   (You found it in the Desolation of Salt)

   [ring of intelligence]

   It affects your intelligence (+6).
   It affects your dexterity (+2).
   It lets you see invisible.
 T - the amulet of the Echidna (around neck) {Reflect rC++ SH+5}
   (You found it in the Desolation of Salt)

   [amulet of reflection]

   It shields you and reflects attacks.
   It greatly protects you from cold.
   It affects your SH (+5).
 U - the ring of Teopp {+Fly rC- rN+ SInv}
   (You found it on level 4 of the Lair of Beasts)

   [ring of flight]

   It makes you vulnerable to cold.
   It protects you from negative energy.
   It lets you see invisible.
   It lets you fly.
Wands
 y - a wand of disintegration (15)
 B - a wand of iceblast (10)
 C - a wand of polymorph (24)
 G - a wand of paralysis (18)
 V - a wand of clouds (10)
 Z - a wand of enslavement (22)
Scrolls
 e - a scroll of holy word
 k - 15 scrolls of remove curse
 l - 9 scrolls of enchant armour
 p - 16 scrolls of teleportation
 s - 2 scrolls of fear
 v - 6 scrolls of amnesia
 A - 3 scrolls of blinking
 M - 4 scrolls of fog
 W - 4 scrolls of summoning
Potions
 a - 6 potions of haste
 b - 3 potions of mutation
 g - a potion of invisibility
 h - 3 potions of berserk rage
 i - 9 potions of might
 m - 12 potions of flight
 o - 16 potions of curing
 t - 3 potions of heal wounds
 w - 2 potions of cancellation
 x - 3 potions of resistance
 E - 4 potions of brilliance
 J - 7 potions of ambrosia
 L - 2 potions of magic
Comestibles
 c - 33 rations


   Skills:
 + Level 19.6 Fighting
 - Level 18.5(18.6) Axes
 - Level 3.1(11.2) Polearms
 + Level 14.5 Armour
 - Level 8.0 Dodging
 - Level 1.5 Stealth
 + Level 19.3 Shields
 * Level 19.6 Invocations


You had 19 spell levels left.
You didn't know any spells.
Your spell library contained the following spells:

 Spells                   Type           Power        Failure   Level  Hunger
 Animate Skeleton         Necr           N/A          80%         1    ##.....
 Apportation              Tloc           #.....       80%         1    ##.....
 Beastly Appendage        Tmut           #.....       80%         1    ##.....
 Corona                   Hex            #......      80%         1    ##.....
 Foxfire                  Conj/Fire      #...         80%         1    ##.....
 Sting                    Tmut/Pois      #...         80%         1    ##.....
 Summon Butterflies       Summ           #.......     80%         1    ##.....
 Summon Small Mammal      Summ           #...         80%         1    ##.....
 Corpse Rot               Necr/Air       N/A          90%         2    ###....
 Ensorcelled Hibernation  Hex/Ice        #.....       90%         2    ###....
 Passwall                 Tmut/Erth      #.......     90%         2    ###....
 Poisonous Vapours        Pois/Air       #.....       90%         2    ###....
 Song of Slaying          Chrm           #.......     90%         2    ###....
 Sticks to Snakes         Tmut           #.......     90%         2    ###....
 Sublimation of Blood     Necr           #.........   90%         2    ###....
 Swiftness                Chrm/Air       #.......     90%         2    ###....
 Conjure Flame            Conj/Fire      #.......     98%         3    ####...
 Ignite Poison            Fire/Tmut/Pois #.......     98%         3    ####...
 Inner Flame              Hex/Fire       #.......     98%         3    ####...
 Mephitic Cloud           Conj/Pois/Air  #.......     98%         3    ####...
 Spectral Weapon          Hex/Chrm       #.......     98%         3    ####...
 Spider Form              Tmut/Pois      #.........   98%         3    ####...
 Stone Arrow              Conj/Erth      #.....       98%         3    ####...
 Dispel Undead            Necr           #.......     100%        4    #####..
 Ice Form                 Ice/Tmut       #.......     100%        4    #####..
 Leda's Liquefaction      Hex/Erth       #.........   100%        4    #####..
 Olgreb's Toxic Radiance  Pois           #.......     100%        4    #####..
 Passage of Golubria      Tloc           N/A          100%        4    #####..
 Sticky Flame             Conj/Fire      #.......     100%        4    #####..
 Agony                    Necr           #.......     100%        5    ######.
 Blade Hands              Tmut           #.........   100%        5    ######.
 Borgnjor's Vile Clutch   Necr/Erth      #.........   100%        5    ######.
 Excruciating Wounds      Chrm/Necr      #.........   100%        5    ######.
 Fireball                 Conj/Fire      #.........   100%        5    ######.
 Iskenderun's Battlesphe  Conj/Chrm      #.......     100%        5    ######.
 Lee's Rapid Deconstruct  Erth           #.........   100%        5    ######.
 Silence                  Hex/Air        #.........   100%        5    ######.
 Summon Forest            Summ/Tloc      #.........   100%        5    ######.
 Darkness                 Hex            #.........   100%        6    #######
 Eringya's Noxious Bog    Tmut/Pois      #.........   100%        6    #######
 Hydra Form               Tmut           #.........   100%        6    #######
 Invisibility             Hex            #.......     100%        6    #######
 Shadow Creatures         Summ           N/A          100%        6    #######
 Haunt                    Necr/Summ      #.........   100%        7    #######
 Ring of Flames           Chrm/Fire      #.........   100%        7    #######
 Summon Hydra             Summ           #.........   100%        7    #######
 Borgnjor's Revivificati  Necr           #.........   100%        8    #######
 Chain Lightning          Conj/Air       #.........   100%        8    #######
 Death's Door             Chrm/Necr      #.........   100%        8    #######
 Infestation              Necr           #.........   100%        8    #######
 Lehudib's Crystal Spear  Conj/Erth      #.........   100%        8    #######
 Necromutation            Tmut/Necr      #.........   100%        8    #######
 Absolute Zero            Ice            #.........   100%        9    #######
 Fire Storm               Conj/Fire      #.........   100%        9    #######


Dungeon Overview and Level Annotations

Branches:
Dungeon (15/15)            Temple (0/1) D:7            Lair (6/6) D:11
  Swamp (4/4) Lair:2       Spider (4/4) Lair:3        Slime (0/5) Lair:6
    Orc (2/2) D:10            Elf (0/3) Orc:2        Vaults (4/5) D:13
  Crypt (0/3) Vaults:2     Depths (0/5) D:15          Sewer (visited)
Desolation (visited)

Altars:
Cheibriados
Elyvilon
Gozag
Hepliaklqana
Makhleb
Nemelex Xobeh
Xom
Yredelemnul
Zin
Beogh

Shops:
D:2 *   D:15 *   Orc:2 (??

Annotations:
D:5 Menkaure
D:9 3 runed translucent doors, kalagan's ghost, journeyman GrFi
D:12 3 runed translucent doors, Elaextar's ghost, journeyman FeBe
Lair:1 1 runed translucent door, andwaal's ghost, journeyman HOMo
Lair:2 1 runed translucent door, Pamiuf's ghost, journeyman KoSu
Lair:5 3 runed translucent doors, Caath's ghost, journeyman DrFi
Lair:6 exclusion: 3 oklob plants


Innate Abilities, Weirdness & Mutations

You can walk on water.
You can translocate small distances at will.
Your mind is acute. (Int +2)
Your spells are a little harder to cast, but a little more powerful.


Message History

* * * LOW HITPOINT WARNING * * *
The vault guard hits you with a +3 war axe of flaming!
* * * LOW HITPOINT WARNING * * *
The ogre mage mumbles some strange words.
The ogre mage blinks!
The vault guard hits you but does no damage.
The sphinx mumbles some strange words.
The sphinx is healed somewhat.
The deep elf mage gestures wildly while chanting.
The deep elf mage blinks!
The sphinx barely misses you.
The sphinx hits you but does no damage. x2
The ironbrand convoker hits you with a +0 morningstar.
* * * LOW HITPOINT WARNING * * *
The vault guard hits you with a +3 war axe of flaming!
* * * LOW HITPOINT WARNING * * *
The vault guard burns you.
* * * LOW HITPOINT WARNING * * *
The sphinx casts a spell.
Something smites you!
You die...

#()CO....#
###C######
####D..####
#.........#
#...o.....#
#..#####..#
#......§..#
#...)ppH..#
####.H@####
#'#p#
#.(.§..
#.)......
#p[......+.
#........##
'......e.#
[#........#


You could see 2 sphinxes, 3 vault guards, an ironbrand convoker (very poisoned)
and a deep elf mage.

Vanquished Creatures
  the Lernaean hydra (Swamp:4)
  A tentacled monstrosity (Vaults:3)
  A sphinx (Vaults:1)
  2 thorn hunters
  Roxanne (Spider:4)
  An imperial myrmidon (Desolation)
  A frost giant (Vaults:3)
  7 vault wardens
  5 ghost moths
  4 emperor scorpions
  A curse skull (Vaults:2)
  6 ironheart preservers
  2 very ugly things (Vaults:1)
  4 entropy weavers
  3 stone giants (Vaults:2)
  3 halazid warlocks (Desolation)
  A deep elf annihilator (Vaults:3)
  Azrael (Spider:3)
  A spark wasp (Spider:4)
  4 crystal guardians
  An ettin (Vaults:4)
  A deep elf death mage (Vaults:4)
  Fannar (Orc:1)
  5 ragged hierophants (Desolation)
  A fire dragon (Vaults:2)
  3 ice dragons
  7 peacekeepers (Desolation)
  7 servants of whispers (Desolation)
  2 great orbs of eyes
  20 hydras
  3 rakshasas
  10 vault guards
  4 yaktaur captains
  A catoblepas (Lair:6)
  A death knight (Vaults:3)
  5 centaur warriors
  2 shambling mangroves
  A satyr (shapeshifter) (Vaults:4)
  14 alligators
  5 ogre magi
  20 two-headed ogres
  5 deep elf knights
  A shadow wraith (Vaults:3)
  A flayed ghost (Vaults:3)
  A spriggan druid (Swamp:2)
  3 deep elf archers
  12 swamp dragons
  An unseen horror (D:15)
  A necromancer (Vaults:2)
  8 orc knights
  8 ironbrand convokers
  4 wizards
  8 deep elf magi
  6 harpies
  A harpy (shapeshifter) (Vaults:2)
  29 ugly things
  4 oklob plants
  13 orb spiders
  43 wolf spiders
  3 cyclopes
  A manticore (D:13)
  2 moths of wrath (Spider:4)
  A wolf spider (shapeshifter) (D:13)
  An elephant (Lair:4)
  6 vault sentinels
  4 black mambas
  3 centaur skeletons
  A guardian serpent (Desolation)
  A gargoyle (D:15)
  15 spiny frogs
  4 komodo dragons
  15 yaktaurs
  12 demonic crawlers
  An efreet (D:14)
  4 freezing wraiths
  2 rime drakes
  A hellwing (Orc:2)
  2 ice devils (D:13)
  A meliai (shapeshifter) (Vaults:3)
  18 jumping spiders
  2 polar bears
  2 meliai (D:15)
  A polar bear (shapeshifter) (D:15)
  A queen bee (D:10)
  A tengu conjurer (D:13)
  A wind drake (shapeshifter) (Vaults:2)
  17 hornets
  8 trolls
  9 tyrant leeches
  4 blink frogs
  38 saltlings (Desolation)
  3 bog bodies
  21 slime creatures
  A hippogriff (D:12)
  A dream sheep (Lair:4)
  6 shadows
  A wraith (Vaults:1)
  43 redbacks
  7 spriggans
  15 tarantellas
  4 wyverns
  A human (D:13)
  2 basilisks
  3 hungry ghosts
  19 yaks
  16 vampire mosquitoes
  A steam dragon (Lair:6)
  15 swamp worms
  A warg (shapeshifter) (Vaults:2)
  2 wargs
  An acid dragon (Vaults:2)
  9 water moccasins
  2 hell hounds (Spider:2)
  5 porcupines
  3 orc warriors
  17 swamp drakes
  2 ice beasts
  5 sky beasts
  A black bear (shapeshifter) (D:14)
  2 phantoms
  3 centaurs
  19 ogres
  5 wolves
  5 crocodiles
  3 big kobolds (Sewer)
  11 bullfrogs
  A glowing shapeshifter simulacrum (Vaults:2)
  3 scorpions
  An elf simulacrum (Vaults:3)
  13 killer bees
  5 electric eels
  4 wights
  2 crimson imps
  4 howler monkeys
  4 centaur zombies
  A bullfrog skeleton (D:4)
  3 jellies
  7 orc priests
  3 bullfrog zombies
  7 hounds
  9 orc wizards
  4 iguanas
  A worker ant (D:7)
  4 hound skeletons
  3 gnolls (Orc:2)
  17 adders
  A river rat (D:6)
  3 shadow imps
  3 oozes
  An adder skeleton (D:5)
  4 dart slugs
  7 leopard geckos
  21 orcs
  6 bats
  8 giant cockroaches
  4 goblins
  5 hobgoblins
  9 jackals
  3 quokkas
  4 ball pythons
  6 frilled lizards
  21 kobolds
  A quokka zombie (D:6)
  12 rats
  2 bushes
  A fungus (Lair:2)
  15 plants
983 creatures vanquished.

Vanquished Creatures (collateral kills)
  Arachne (Spider:3)
  Rupert (Lair:5)
  Asterion (Spider:3)
  2 sphinxes
  Frances (D:12)
  Donald (Spider:3)
  A frost giant (Vaults:3)
  A ghost moth (Spider:4)
  2 vault wardens
  2 emperor scorpions
  A very ugly thing (Vaults:1)
  3 ironheart preservers
  A spark wasp (Spider:1)
  An ettin (Vaults:3)
  3 fire dragons
  2 ragged hierophants (Desolation)
  8 orc knights
  A yaktaur captain (Vaults:2)
  A vault guard (D:13)
  3 ice dragons
  A rakshasa (Vaults:3)
  5 hydras
  4 servants of whispers (Desolation)
  10 two-headed ogres
  A death knight (Vaults:2)
  A centaur warrior (D:14)
  An ogre mage (Orc:2)
  A deep elf knight (Vaults:3)
  A wizard (Vaults:3)
  A swamp dragon (Lair:6)
  2 ironbrand convokers
  8 orb spiders
  2 wolf spider zombies
  3 deep elf magi (Vaults:3)
  3 oklob plants (Lair:6)
  13 wolf spiders
  13 ugly things
  3 elephants (Lair:4)
  2 guardian serpents
  5 vault sentinels
  A black mamba (Lair:6)
  2 torpor snails
  2 gargoyles
  A freezing wraith (Vaults:3)
  18 spiny frogs
  4 komodo dragons
  2 yaktaurs
  A rime drake (Lair:3)
  5 demonic crawlers
  A hellwing (Orc:2)
  A troll (Orc:1)
  A polar bear (Lair:3)
  7 jumping spiders
  A meliai (D:15)
  A jumping spider (shapeshifter) (Vaults:1)
  8 hornets
  12 saltlings (Desolation)
  3 blink frogs
  8 slime creatures
  4 dream sheep (Lair:4)
  2 hippogriffs (Lair:5)
  A shadow (D:8)
  20 redbacks
  6 tarantellas
  7 wyverns
  A fire elemental (Spider:2)
  10 yaks
  2 basilisks
  A vampire mosquito (Spider:2)
  A swamp worm (Lair:1)
  2 acid dragons
  A human simulacrum (Vaults:3)
  4 hell hounds
  A porcupine (Lair:2)
  A soldier ant (D:13)
  7 orc warriors
  2 swamp drakes (Lair:6)
  15 water moccasins
  4 ice beasts
  A black bear (Lair:4)
  A necrophage (D:9)
  A phantom (D:12)
  7 wolves
  10 ogres
  4 centaurs
  A crocodile (Lair:5)
  3 bullfrogs
  A wyvern skeleton (D:14)
  5 killer bees
  A wight (D:11)
  5 electric eels
  2 crimson imps
  2 hounds
  A jelly (D:13)
  5 orc priests
  4 orc wizards
  An iguana (Lair:6)
  2 worker ants
  A hound zombie (D:11)
  3 adders (Lair:3)
  A gnoll (Orc:2)
  2 shadow imps (D:14)
  9 orcs
  9 bushes
  30 fungi
  48 plants
448 creatures vanquished.

Vanquished Creatures (others)
  An unseen horror (D:14)
  8 orc knights
  A wolf spider (Spider:2)
  A demonic crawler (Spider:4)
  15 orc warriors
  7 orc wizards
  12 orc priests
  A worm (D:3)
  51 orcs
  18 fungi
  33 plants
  2 withered plants (Lair:1)
150 creatures vanquished.

Grand Total: 1581 creatures vanquished

Notes
Turn   | Place    | Note
-------+----------+-------------------------------------------
     0 | D:1      | KleinerIrrer the Hill Orc Monk began the quest for the Orb.
     0 | D:1      | Reached XP level 1. HP: 19/19 MP: 1/1
   123 | D:1      | Reached XP level 2. HP: 23/27 MP: 2/2
   752 | D:2      | Reached XP level 3. HP: 27/33 MP: 3/3
  1171 | D:2      | Found Gozag's Platinum Reserve.
  1176 | D:2      | Found an opulent altar of Gozag.
  1405 | D:3      | Reached XP level 4. HP: 34/41 MP: 4/4
  1461 | D:3      | Reached skill level 5 in Axes
  1551 | D:3      | Became a worshipper of Beogh the Brigand
  1551 | D:3      | Reached * piety under Beogh
  1551 | D:3      | Reached ** piety under Beogh
  1631 | D:3      | Reached XP level 5. HP: 15/47 MP: 5/5
  2133 | D:3      | Found a basalt altar of Yredelemnul.
  2133 | D:3      | Found a snail-covered altar of Cheibriados.
  2533 | D:3      | Reached skill level 1 in Invocations
  2564 | D:3      | Noticed a phantom
  2764 | D:3      | Killed a phantom
  2764 | D:3      | Reached XP level 6. HP: 25/55 MP: 5/7
  3048 | D:3      | Reached skill level 5 in Fighting
  3251 | D:3      | Found a burning altar of Makhleb.
  3744 | D:4      | Found a sparkling altar of Nemelex Xobeh.
  3848 | D:4      | Reached XP level 7. HP: 55/61 MP: 8/8
  4000 | D:3      | Found a hazy altar of Hepliaklqana.
  4506 | D:4      | Gained mutation: Your spells are a little harder to cast,
                  | but a little more powerful. [potion of mutation]
  4506 | D:4      | Gained mutation: Your mind is acute. (Int +2) [potion of
                  | mutation]
  4506 | D:4      | Gained mutation: You can translocate small distances at
                  | will. [potion of mutation]
  4579 | D:5      | Entered Level 5 of the Dungeon
  5550 | D:5      | Reached XP level 8. HP: 69/69 MP: 10/10
  5583 | D:5      | Reached *** piety under Beogh
  5584 | D:5      | Reached skill level 5 in Armour
  5598 | D:5      | Noticed Menkaure
  5928 | D:6      | Found a glowing drain.
  5941 | Sewer    | Entered a sewer
  7727 | D:7      | Reached **** piety under Beogh
  8043 | D:7      | Reached skill level 5 in Invocations
  8043 | D:7      | Reached XP level 9. HP: 76/77 MP: 12/12
  8157 | D:7      | Found a staircase to the Ecumenical Temple.
  8950 | D:8      | Reached skill level 10 in Axes
  9298 | D:8      | Found a burning altar of Makhleb.
 10084 | D:9      | Reached XP level 10. HP: 86/86 MP: 14/14
 10334 | D:9      | Found a runed translucent gate.
 10335 | D:9      | Found a runed translucent gate.
 10335 | D:9      | Found a runed translucent gate.
 10343 | D:9      | Noticed kalagan's ghost (journeyman GrFi)
 10539 | D:9      | Found a glowing silver altar of Zin.
 10881 | D:10     | Entered Level 10 of the Dungeon
 11642 | D:10     | Found a staircase to the Orcish Mines.
 11720 | D:10     | Got an ancient ring mail
 11731 | D:10     | Identified the +9 ring mail "Sanadde" {Dex+4} (You found it
                  | on level 10 of the Dungeon)
 11893 | D:10     | Reached ***** piety under Beogh
 12215 | D:11     | Noticed a purple ugly thing
 12225 | D:11     | Killed a purple ugly thing
 12421 | D:11     | Found a staircase to the Lair.
 12423 | D:11     | Noticed an oklob plant
 12449 | D:11     | Noticed an oklob plant
 12698 | D:11     | Killed an oklob plant
 12698 | D:11     | Reached XP level 11. HP: 67/95 MP: 10/17
 12821 | D:11     | Killed an oklob plant
 13059 | Lair:1   | Entered Level 1 of the Lair of Beasts
 13130 | Lair:1   | Found a runed translucent door.
 13130 | Lair:1   | Noticed andwaal's ghost (journeyman HOMo)
 13800 | Lair:1   | Got a masterwork spear
 14047 | Lair:1   | You fall into a shaft and drop 1 floor!
 14100 | Lair:2   | Noticed a six-headed hydra
 14107 | Lair:2   | Killed a six-headed hydra
 14126 | Lair:2   | Reached skill level 10 in Armour
 14301 | Lair:2   | Found a staircase to the Swamp.
 14324 | Lair:2   | Found a runed translucent door.
 14324 | Lair:2   | Found a shimmering altar of Xom.
 14324 | Lair:2   | Noticed Pamiuf's ghost (journeyman KoSu)
 14326 | Lair:2   | Noticed a +1 battleaxe of chaos
 14405 | Lair:2   | Noticed a seven-headed hydra
 14410 | Lair:2   | Killed a seven-headed hydra
 14421 | Lair:2   | Identified the +9 spear "Fobb" {freeze, rF++ Int+4 Dex-3}
                  | (You found it on level 1 of the Lair of Beasts)
 14501 | Lair:2   | Reached skill level 10 in Invocations
 14669 | Lair:2   | Gained Boruk as an ally
 15373 | Lair:3   | Noticed a five-headed hydra
 15448 | D:12     | Reached XP level 12. HP: 69/105 MP: 19/19
 15644 | D:12     | Found a runed translucent gate.
 15644 | D:12     | Found a runed translucent gate.
 15644 | D:12     | Noticed Elaextar's ghost (journeyman FeBe)
 15645 | D:12     | Found a runed translucent gate.
 15646 | D:12     | Identified the +9 whip of Offence {chaos, *Drain rF+ Str+3}
 15649 | D:12     | Identified the +5 short sword "Napo" {drain, +Fly rPois
                  | rF+}
 16093 | D:12     | Noticed Frances
 16103 | D:12     | Killed Frances
 16103 | D:12     | Reached skill level 5 in Dodging
 16565 | D:13     | You fall into a shaft and drop 1 floor!
 16636 | D:14     | Reached skill level 15 in Axes
 16638 | D:14     | Reached skill level 10 in Fighting
 17159 | D:14     | Noticed a two-headed ogre
 17172 | D:14     | Killed a two-headed ogre
 17181 | D:14     | Reached skill level 1 in Shields
 17514 | D:13     | Noticed a two-headed ogre
 17527 | D:13     | Killed a two-headed ogre
 17597 | D:13     | Noticed a vault guard
 17754 | Lair:3   | Noticed an eight-headed hydra
 17759 | Lair:3   | Killed a five-headed hydra
 17760 | Lair:3   | Killed an eight-headed hydra
 18211 | Lair:3   | Reached XP level 13. HP: 104/114 MP: 21/21
 18369 | Lair:3   | Found a hole to the Spider Nest.
 18770 | Lair:3   | Reached skill level 1 in Polearms
 19285 | Lair:4   | Identified the ring of Teopp {+Fly rC- rN+ SInv} (You found
                  | it on level 4 of the Lair of Beasts)
 19453 | Lair:4   | Got a masterwork whip
 19471 | Lair:4   | Reached skill level 5 in Shields
 19541 | Lair:4   | Gained Horkud as an ally
 20060 | Lair:5   | Found a runed translucent gate.
 20211 | Lair:5   | Found a runed translucent gate.
 20286 | Lair:5   | Found a runed translucent gate.
 20386 | Lair:5   | Noticed Rupert
 20394 | Lair:5   | Killed Rupert
 20857 | Lair:5   | Noticed Caath's ghost (journeyman DrFi)
 21043 | Lair:6   | Entered Level 6 of the Lair of Beasts
 21331 | Lair:6   | Found a staircase to the Slime Pits.
 22055 | Lair:6   | Reached XP level 14. HP: 109/124 MP: 23/23
 22420 | Lair:6   | Reached ****** piety under Beogh
 22968 | Lair:6   | Your ally Boruk died
 22996 | Lair:6   | Gained Urtork as an ally
 23387 | Lair:6   | Identified the cursed +1 whip of Leiteb {drain, rElec
                  | Dex+4} (You found it on level 4 of the Lair of Beasts)
 23563 | Orc:1    | Entered Level 1 of the Orcish Mines
 23665 | Orc:1    | Noticed Fannar
 23677 | Orc:1    | Killed Fannar
 23865 | Orc:2    | Entered Level 2 of the Orcish Mines
 23967 | Orc:2    | Found a roughly hewn altar of Beogh.
 24269 | Orc:2    | Found a staircase to the Elven Halls.
 24297 | Orc:2    | Found Wuim Qei's Weapon Emporium.
 24771 | Orc:2    | Found Apaparch's Magic Scroll Shoppe.
 24772 | Orc:2    | Found Guuggio's Magic Scroll Emporium.
 24800 | Orc:2    | Bought a scroll of identify for 26 gold pieces
 24832 | Orc:2    | Bought a scroll of identify for 28 gold pieces
 24832 | Orc:2    | Bought a scroll of identify for 28 gold pieces
 24832 | Orc:2    | Bought a scroll of identify for 28 gold pieces
 24832 | Orc:2    | Bought a scroll of identify for 28 gold pieces
 24832 | Orc:2    | Bought a scroll of enchant weapon for 105 gold pieces
 25525 | D:13     | Reached skill level 10 in Shields
 25546 | D:13     | Found a gate to the Vaults.
 26573 | D:14     | Paralysed by a wizard for 5 turns
 26865 | D:15     | Entered Level 15 of the Dungeon
 27038 | D:15     | Reached XP level 15. HP: 129/133 MP: 25/25
 27224 | D:15     | Noticed an angel
 27231 | D:15     | Found Uffytox's Hallowed Reliquary.
 27232 | D:15     | Found a white marble altar of Elyvilon.
 27236 | D:15     | Bought a potion of heal wounds for 50 gold pieces
 27423 | D:15     | Gained Warbeogh as an ally
 27427 | D:15     | Found a staircase to the Depths.
 27582 | D:15     | Got a smoking ring mail
 27609 | D:15     | Identified the +4 ring mail of Ebureimo {MP+9 Int-2 Dex+2
                  | Slay+6} (You found it on level 15 of the Dungeon)
 28096 | Spider:1 | Entered Level 1 of the Spider Nest
 28420 | Spider:1 | Got a scorched ring mail
 30026 | Spider:1 | Identified the +4 ring mail of Starshine {rF+} (You found
                  | it on level 1 of the Spider Nest)
 31054 | Spider:2 | Noticed an emperor scorpion
 31065 | Spider:2 | Killed an emperor scorpion
 31372 | Spider:2 | Noticed an emperor scorpion
 31626 | Spider:2 | Killed a ghost moth
 31764 | Spider:2 | Reached XP level 16. HP: 66/141 MP: 27/27
 33219 | Spider:3 | Identified the Collected Works on Assistive Earth
 33222 | Spider:3 | Noticed Asterion
 33247 | Spider:3 | Killed Asterion
 33249 | Spider:3 | Noticed Donald
 33260 | Spider:3 | Killed Donald
 33262 | Spider:3 | Reached skill level 15 in Invocations
 33639 | Spider:3 | Noticed Arachne
 33649 | Spider:3 | Killed Arachne
 33661 | Spider:3 | Noticed Azrael
 33956 | Spider:3 | Killed Azrael
 35466 | Spider:4 | Entered Level 4 of the Spider Nest
 36023 | Spider:4 | Noticed Roxanne
 36224 | Spider:4 | Killed Roxanne
 36270 | Spider:4 | Gained Horkud as an ally
 36725 | Spider:4 | Your ally Horkud died
 37059 | Spider:4 | Upgraded the game from 0.25.0-45-g978344163c to
                  | 0.25.0-46-gbd7b0854d2
 37318 | Spider:4 | Reached XP level 17. HP: 95/152 MP: 28/28
 37453 | Spider:4 | Got a gossamer rune of Zot
 38015 | Swamp:1  | Entered Level 1 of the Swamp
 39162 | Swamp:2  | Gained Murdo as an ally
 40803 | Swamp:3  | Got a jewelled hunting sling
 40804 | Swamp:3  | Identified the +3 hunting sling "Bessuch" {venom, rPois
                  | rC+++ MP-9 Str+3} (You found it on level 3 of the Swamp)
 41002 | Swamp:4  | Entered Level 4 of the Swamp
 41013 | Swamp:4  | Reached skill level 15 in Fighting
 41414 | Swamp:4  | Reached skill level 15 in Shields
 42216 | Swamp:4  | Identified the Almanac of Talismans
 42516 | Swamp:4  | Reached XP level 18. HP: 123/163 MP: 30/30
 42804 | Swamp:4  | Noticed the 27-headed Lernaean hydra
 42907 | Swamp:4  | Killed the 27-headed Lernaean hydra
 43195 | Swamp:4  | Got a decaying rune of Zot
 43433 | Vaults:1 | Entered Level 1 of the Vaults
 44060 | D:13     | Gained Bogward as an ally
 44326 | Vaults:1 | Paralysed by a great orb of eyes for 6 turns
 45498 | Vaults:1 | Your ally Bogward died
 46830 | Vaults:2 | Reached XP level 19. HP: 149/174 MP: 31/31
 47234 | Vaults:2 | Paralysed by a sphinx for 5 turns
 47241 | Vaults:2 | Paralysed by a sphinx for 3 turns
 47249 | Vaults:2 | Paralysed by a sphinx for 3 turns
 47479 | Vaults:2 | Found a staircase to the Crypt.
 47650 | Vaults:2 | Gained Wargath as an ally
 48503 | Vaults:2 | Gained Boghold as an ally
 48940 | Vaults:2 | You fall into a shaft and drop 1 floor!
 48984 | Vaults:3 | Gained Garbold as an ally
 48988 | Vaults:3 | Your ally Garbold died
 48998 | Vaults:3 | Gained Alork as an ally
 49201 | Vaults:3 | Found a ruined gateway.
 49209 | Desolati | Entered the Desolation of Salt
 50200 | Desolati | Found the +0 pair of fencer's gloves {Riposte Dex+3}
 50247 | Desolati | Identified the Volume of Creative Curses
 51427 | Desolati | Got a jewelled trident
 51428 | Desolati | Identified the +0 trident of the Pariah {vorpal, rF+ rC+
                  | Str-5 SInv} (You found it in the Desolation of Salt)
 51436 | Desolati | Got a sparkling turquoise ring
 51438 | Desolati | Identified the ring "Feiheori" {Ice Slay+3 Stlth+} (You
                  | found it in the Desolation of Salt)
 51441 | Desolati | Got a transparent tin ring
 51442 | Desolati | Identified the ring of Niest {Int+6 Dex+2 SInv} (You found
                  | it in the Desolation of Salt)
 51605 | Desolati | Reached XP level 20. HP: 189/189 MP: 33/33
 52046 | Desolati | Got a twitching crystal amulet
 52047 | Desolati | Identified the amulet of the Echidna {Reflect rC++ SH+5}
                  | (You found it in the Desolation of Salt)
 52053 | Desolati | Got a steaming chain mail
 52289 | Desolati | Gained Morbeogh as an ally
 52372 | Desolati | Your ally Morbeogh died
 53840 | Vaults:3 | Gained Horkud as an ally
 54223 | Vaults:3 | Gained Murdo as an ally
 55381 | Vaults:4 | Identified the +0 leather armour "Taviciz" {MR+ Int+3
                  | Dex+4}
 55400 | Vaults:4 | Gained Grimold as an ally
 55797 | Vaults:3 | Your ally Horkud died
 55833 | Vaults:4 | Paralysed by a sphinx for 7 turns
 55837 | Vaults:4 | HP: 9/192 [vault guard/+3 war axe of flaming[a vault
                  | warden] (8)]
 55837 | Vaults:4 | Killed from afar by a sphinx

Illustrated notes

Levels and vault maps discovered:
D:1:      minmay_arrival_stair_chambers, layout_rooms,
          chequers_serial_rivers_micro_a
D:2:      layout_basic, nicolae_gozag_zags_fifth_avenue, first_ration,
          minmay_misc_feat_hallway
D:3:      layout_basic, nicolae_overflow_hidden_temple,
          makhleb_blood_cavern_becter
D:4:      layout_gridville, nemelex_xobeh_ov_fountains_minmay
D:5:      layout_basic, uniq_menkaure
D:6:      layout_loops_ring, gup_sewer_entry_bubbles, due_unseen_surprise
D:7:      layout_basic, minmay_temple_entry_drinking_statues
D:8:      layout_cave_pods, basic_altar
D:9:      layout_long_grid, zin_academy, gammafunk_ghost_spectres
D:10:     layout_stronghold, hiddenorc1_lemuel, david_nohive_1
D:11:     layout_roguey, dpeg_oklobed_lair
D:12:     layout_stronghold, gammafunk_ghost_nasty_kobolds, uniq_frances
D:13:     layout_roguey, grunt_vaults_entry_fortified,
          portal_ice_cave_demonic_guard
D:14:     layout_irregular_city, nrook_mini_backslash
D:15:     grunt_enter_depths_hoard, layout_loops_ring, hangedman_decor_push,
          nicolae_good_shop
Lair:1:   layout_cave_pods, serial_rivers, chequers_serial_rivers_marsh,
          chequers_serial_rivers_micro_c, chequers_serial_rivers_micro_b,
          chequers_serial_rivers_micro_b, gammafunk_ghost_grave,
          fungi_pond_lemuel, worms_lemuel
Lair:2:   layout_cave_pods, swamp_mist_pool, ebering_ghost_xom,
          nicolae_quartered_pool_medium, grunt_megastairs_2
Lair:3:   minmay_lair_venomous_thicket, layout_cave_pods,
          spider_nest_entry_rubble
Lair:4:   layout_loops_ring, grunt_forest_stairs_clearing
Lair:5:   statuecave_lemuel, layout_regular_city, gammafunk_ghost_icy,
          minmay_hedge_maze, uniq_rupert
Lair:6:   guppyfry_lair_end_dragon, layout_regular_city,
          hangedman_lair_tendril_chambers, minmay_slime_entry_oklob_open,
          minivault_26, fungi_pond_lemuel
Swamp:1:  layout_basic_swamp, hangedman_swamp_ruin_wall
Swamp:2:  layout_basic_swamp, nicolae_swamp_dense_foliage
Swamp:3:  layout_basic_swamp, serial_swamp_ruin, evilmike_swamp_ruin_house_4,
          evilmike_swamp_ruin_rubble_1, evilmike_swamp_ruin_house_2, swamp_pool1
Swamp:4:  swamp_old_school, layout_basic_swamp
Spider:1: layout_spider_delve, nicolae_spider_webbed_stairs
Spider:2: spider_temple_joshua, einodemon_crawler_minivault
Spider:3: layout_spider_delve, nicolae_spider_nook, uniq_azrael, uniq_asterion,
          uniq_donald, uniq_arachne
Spider:4: guppyfry_spider_rune, uniq_roxanne
Orc:1:    layout_caves, uniq_fannar
Orc:2:    pf_orc_diabolical, layout_diamond_mine, serial_shops, shop_fountains,
          basic_altar, nooodl_orcs_dogs
Vaults:1: ontoclasm_vaults_tryst, hangedman_vaults_impose,
          hangedman_vaults_stretched_pinwheel, hangedman_vaults_restitches,
          nicolae_vaults_little_squares_6, v_misc_26, layout_vaults_omnigrid
Vaults:2: nicolae_vaults_disjoint_gnomons, nicolae_vaults_hallways_thing,
          vaults_dpeg_hooks, nicolae_vaults_c_with_doors,
          minmay_crypt_entry_simple_walls, v_misc_1, v_misc_27, v_misc_25,
          ontoclasm_vaults_spin, hangedman_vaults_nails,
          vaults_room_stairs_pillars, vaults_room_stairs_pillars,
          layout_vaults_omnicross
Vaults:3: v_alt_pattern_4, ontoclasm_vaults_ligature,
          nicolae_vaults_little_squares_2, grunt_vaults_hallway_short,
          nicolae_vaults_circle_grid_b, nicolae_vaults_yaktaur_gun_rack,
          hangedman_vaults_cutoff, nicolae_vaults_big_ls, grunt_vaults_diagonal,
          grunt_vaults_focal, vaults_room_fours, dpeg_vaults_monster_box,
          st_smaller_cells, layout_vaults_chaotic_city,
          portal_desolation_entry_nicolae_slug
Vaults:4: st_quartered_hall, nicolae_vaults_diagonal_hallway_9,
          ontoclasm_vaults_loading_screen, vaults_room_hallway,
          vaults_dpeg_cross, vaults_room_pool, nicolae_vaults_circle_grid_b,
          ontoclasm_vaults_shuriken, serial_ice_m, v_misc_4,
          grunt_vaults_hallway_long, serial_ice_g,
          nicolae_vaults_little_squares_6, grunt_vaults_hallway_short,
          nicolae_vaults_alarming, layout_vaults_maze,
          nicolae_trove_entry_path_of_doom

Skill      XL: |  1  2  3  4  5  6  7  8  9 10 11 12 13 14 15 16 17 18 19 20 |
---------------+-------------------------------------------------------------+-----
Fighting       | 4 5 6 7 8 9 10 11 12 14 15 16 18 19 | 19.6
Dodging        | 3 4 5 6 7 8 |  8.0
Axes           | 5 6 7 9 11 12 14 15 16 17 18 | 18.5
Invocations    | 1 2 3 5 6 8 10 11 12 13 14 15 16 17 18 19 | 19.6
Armour         | 2 3 4 6 8 9 10 11 12 13 14 | 14.5
Shields        | 3 7 10 12 13 15 16 18 19 | 19.3
Polearms       | 3 |  3.1
Stealth        | |  1.5

Action                   |  1- 3 |  4- 6 |  7- 9 | 10-12 | 13-15 | 16-18 | 19-21 || total
-------------------------+-------+-------+-------+-------+-------+-------+-------++-------
Melee: Hand axe          |   107 |   233 |   395 |       |       |       |       ||   735
       War axe           |       |       |   169 |   509 |   410 |       |       ||  1088
       Spear             |       |       |       |    31 |   219 |   165 |    32 ||   447
       Broad axe         |       |       |       |       |   311 |   912 |   629 ||  1852
Throw: Stone             |     2 |       |    29 |     4 |       |       |       ||    35
       Boomerang         |       |       |       |       |     5 |       |       ||     5
Invok: Convert to Beogh  |       |     1 |       |       |       |       |       ||     1
       Smiting           |       |     1 |       |    16 |       |    22 |    21 ||    60
       Recall Orcish Fol |       |       |       |    18 |    19 |     8 |     4 ||    49
       Stop Recall       |       |       |       |     4 |     1 |       |       ||     5
       Give Item to Name |       |       |       |       |     3 |     2 |     4 ||     9
       Resurrection      |       |       |       |       |       |     1 |       ||     1
 Abil: Blink             |       |       |     6 |     1 |       |       |       ||     7
Evoke: Wand              |       |       |       |     3 |     3 |     2 |       ||     8
  Use: Scroll            |     1 |       |    11 |     9 |    17 |     8 |    11 ||    57
       Potion            |       |     1 |     1 |     3 |     1 |     3 |     3 ||    12
 Stab: Sleeping          |     4 |       |       |     3 |       |     1 |     1 ||     9
       Distracted        |       |       |       |     5 |     8 |     2 |     4 ||    19
       Petrifying        |       |       |       |       |       |       |     2 ||     2
       Petrified         |       |       |       |       |       |       |     2 ||     2
  Eat: Chunk             |     2 |     8 |    17 |    18 |    25 |    24 |    22 ||   116
       Ration            |       |       |     1 |     3 |     6 |     7 |     2 ||    19
Armor: Robe              |    12 |    15 |       |       |       |       |       ||    27
       Scale mail        |       |   101 |   272 |    32 |       |       |       ||   405
       Plate armour      |       |       |     3 |       |       |       |       ||     3
       Ring mail         |       |       |       |   159 |   266 |   318 |   119 ||   862
Dodge: Dodged            |    71 |   135 |   327 |   285 |   239 |   357 |   178 ||  1592
Block: Tower shield      |       |       |       |    61 |   635 |   958 |   589 ||  2243
       Reflection        |       |       |       |       |       |       |    34 ||    34
       Rpst.: Broad axe  |       |       |       |       |       |       |    17 ||    17
       Spear             |       |       |       |       |       |       |     1 ||     1
